 Dungeon Crawl Stone Soup version 0.30.1-3-gfc49f6343a (webtiles) character file.

Game seed: 930468291540438010

10656 Almogavar the Destroyer (level 11, -2/88 HPs)
             Began as a Pale Draconian Conjurer on July 19, 2023.
             Was a Priest of Sif Muna.
             Slain by an orc warlord
             ... wielding a +0 great mace
              (23 damage)
             ... on level 10 of the Dungeon.
             The game lasted 01:08:56 (15772 turns).

Almogavar the Destroyer (Pale Draconian Conjurer)  Turns: 15772, Time: 01:08:56

Health: -2/88      AC:  8    Str: 14    XL:     11   Next: 39%
Magic:  17/24      EV: 13    Int: 31    God:    Sif Muna [***...]
Gold:   694        SH:  5    Dex:  9    Spells: 20/28 levels left

rFire   . . .        g - +10 rapier "Innaf" {drain, rPois Str+3 Int+3}
rCold   . . .        (no shield)
rNeg    . . .        (body armour unavailable)
rPois   +            (helmet restricted)
rElec   .            (no cloak)
rCorr   .            (no gloves)
SInv    .            m - +0 pair of boots
Will    +....        i - amulet of reflection
Stlth   +++          l - ring of willpower
HPRegen 0.34/turn    z - +6 ring of intelligence
MPRegen 0.19/turn

%: reflection
@: on blink cooldown, studying 2 skills
A: breathe steam, AC +7, unfitting armour, cold-blooded, steam resistance
a: Breathe Steam, Renounce Religion, Channel Magic, Forget Spell


You were on level 10 of the Dungeon.
You worshipped Sif Muna.
Sif Muna was most pleased with you.
You visited 3 branches of the dungeon, and saw 12 of its levels.

You collected 754 gold pieces.
You spent 60 gold pieces at shops.

Inventory:

Hand Weapons
 g - the +10 rapier "Innaf" (weapon) {drain, rPois Str+3 Int+3}
   (You acquired it on level 2 of the Dungeon)

   Str:       It affects your strength (+3).
   Int:       It affects your intelligence (+3).
   rPois:     It protects you from poison.
Missiles
 p - 6 throwing nets
Armour
 m - a +0 pair of boots (worn)
Jewellery
 c - a ring of fire
 f - a +6 ring of strength
 i - an amulet of reflection (around neck)
 l - a ring of willpower (left hand)
 z - a +6 ring of intelligence (right hand)
Wands
 j - a wand of charming (9)
 r - a wand of roots (8)
 w - a wand of flame (18)
 y - a wand of digging (4)
Scrolls
 n - a scroll of teleportation
 o - 2 scrolls of amnesia {unknown}
 t - 2 scrolls of fear
 v - 2 scrolls of summoning
 D - a scroll of torment {unknown}
Potions
 a - 3 potions of magic
 d - 3 potions of mutation
 e - 4 potions of curing
 h - a potion of berserk rage
 k - a potion of haste
 q - a potion of attraction {unknown}
 s - a potion of lignification {unknown}
 u - 2 potions of invisibility
 x - 3 potions of brilliance {unknown}
 A - a potion of might {unknown}
 B - 2 potions of ambrosia {unknown}
 C - a potion of heal wounds
Miscellaneous
 E - a box of beasts (inert)


   Skills:
 + Level 5.4 Fighting
 + Level 7.7 Short Blades
 + Level 6.2 Dodging
 + Level 5.4 Stealth
 + Level 9.2 Spellcasting
 + Level 9.7 Conjurations


You had 20 spell levels left.
You knew the following spells:

 Your Spells              Type           Power      Damage    Failure   Level
a - Magic Dart            Conj           100%       1d8       1%          1
b - Searing Ray           Conj           100%       2d8       1%          2
c - Dazzling Flash        Conj/Hex       88%        N/A       1%          3
d - Blink                 Tloc           28%        N/A       5%          2

Your spell library contained the following spells:

 Spells                   Type           Power      Damage    Failure   Level
 Kiss of Death            Conj/Necr      100%       2d13      1%          1
 Beastly Appendage        Tmut           28%        N/A       3%          1
 Sting                    Tmut/Pois      56%        1d5       3%          1
 Fulminant Prism          Conj/Hex       22%        3d12      4%          4
 Iskenderun's Mystic Bla  Conj/Tloc      44%        2d10      4%          4
 Cigotuvi's Dreadful Rot  Necr/Pois/Air  28%        N/A       5%          2
 Lesser Beckoning         Tloc           28%        N/A       5%          2
 Poisonous Vapours        Pois/Air       28%        N/A       5%          2
 Wereblood                Tmut           14%        N/A       5%          2
 Confusing Touch          Hex            14%        N/A       11%         3
 Gell's Gravitas          Tloc           14%        N/A       11%         3
 Ignite Poison            Fire/Tmut/Pois 14%        N/A       11%         3
 Spider Form              Tmut/Pois      14%        N/A       11%         3
 Teleport Other           Tloc           14%        N/A       11%         3
 Volatile Blastmotes      Fire/Tloc      28%        2d12      11%         3
 Freezing Cloud           Conj/Ice/Air   17%        6-21      26%         5
 Dispel Undead            Necr           14%        3d10      34%         4
 Manifold Assault         Tloc           14%        N/A       34%         4
 Olgreb's Toxic Radiance  Pois           14%        N/A       34%         4
 Starburst                Conj/Fire      22%        6d7       58%         6
 Storm Form               Tmut/Air       7%         N/A       100%        7


Dungeon Overview and Level Annotations

Branches:
Dungeon (10/15)            Temple (1/1) D:6            Lair (0/5) D:8
    Orc (1/2) D:10

Altars:
Ashenzari
Cheibriados
Dithmenos
Elyvilon
Fedhas
Gozag
Hepliaklqana
Kikubaaqudgha
Makhleb
Nemelex Xobeh
Okawaru
Ru
Sif Muna
Trog
Uskayaw
Vehumet
Xom
Yredelemnul
Zin

Shops:
D:4 (   D:5 *   D:6 !

Portals:
Trove: D:10 (give 17 potions of curing)


Innate Abilities, Weirdness & Mutations

You can breathe blasts of scalding, opaque steam.
Your pale cyan-grey scales are hard. (AC +7)
You cannot fit into any form of body armour.
You are cold-blooded and may be slowed by cold attacks.
You are immune to the effects of steam.


Message History

Confirm with . or Enter, or press ? or * to list all spells.
Aiming: Searing Ray (safe; 1% risk of failure)
Press: ? - help, Shift-Dir - straight line, f/p - orc warlord
Aim: an orc warlord, wielding a +0 great mace and wearing a +3 chain mail of positive energy (lightly wounded, ally target, 87% to hit)
The searing ray hits the orc warlord!
The orc warlord is lightly wounded. (Press . to maintain the ray.)
The orc warlord hits you with a +0 great mace!!
* * * LOW HITPOINT WARNING * * *
Your larval weirdshock beast completely misses the orc warlord.
Your larval weirdshock beast grabs the orc warlord.
Your larval weirdshock beast constricts the orc warlord.
Casting: Searing Ray (safe; 1% risk of failure)
Confirm with . or Enter, or press ? or * to list all spells.
You blink.
The orc warlord struggles to escape constriction.
Your larval weirdshock beast hits the orc warlord.
Your larval weirdshock beast constricts the orc warlord.
The orc warlord struggles to escape constriction.
Your larval weirdshock beast hits the orc warlord.
Your larval weirdshock beast constricts the orc warlord.
The orc warlord struggles to escape constriction.
Your larval weirdshock beast hits the orc warlord but does no damage.
Your larval weirdshock beast constricts the orc warlord.
The orc warlord escapes!
Things that are here:
a boomerang; a +0 whip; a potion of degeneration You feel stable enough to blink again.
The orc warlord attacks as you move away!
The orc warlord closely misses you.
Casting: Blink (safe; 5% risk of failure)
Confirm with . or Enter, or press ? or * to list all spells.
You blink.
Your larval weirdshock beast hits the orc warlord but does no damage.
Your larval weirdshock beast closely misses the orc warlord.
Casting: Blink (safe; 5% risk of failure)
Confirm with . or Enter, or press ? or * to list all spells.
You are still too unstable to blink.
The orc warlord hits you with a +0 great mace!!
You die...

.# ####†# #.##.......... .# #.#
#)########..#. .# #.# #)# #..##
.# #.# #.# #..## .# #.# #.######
#..## .# #.# #......# #..## .#
#.# ######.# #....
########################### #.###
#...>........[..@.........# #>###
#...........)..o.......#..# #....
#...)..........H.......#..#######
......................(...[)[.#
..o......[.....##.........###[#
....#..........§..........# #.#
~...#.....................# #)#
########################### #.#
.# #.# ##.#.###.#


You could see an orc warlord (ally target) and a friendly larval weirdshock
beast (summoned).

Vanquished Creatures
  Harold (D:10)
  An orc knight (D:10)
  An elephant (shapeshifter) (D:8)
  4 kobold demonologists
  3 trolls (D:10)
  A hornet (D:10)
  2 shadows
  5 yaks (D:6)
  A wyvern (D:9)
  2 steam dragons (D:9)
  3 wargs
  An acid dragon (D:10)
  Edmund (D:6)
  A water moccasin (D:9)
  3 black bears
  2 sky beasts
  9 orc warriors
  A swamp drake (D:10)
  7 ogres
  A phantom (D:3)
  4 centaurs
  A kobold brigand (D:8)
  Blork the orc (D:6)
  2 gnoll sergeants
  5 bullfrogs
  2 scorpions
  4 wights (D:5)
  A wyvern zombie (D:7)
  7 killer bees
  6 howler monkeys
  4 centaur zombies (D:7)
  3 jellies
  2 hounds
  7 orc priests
  The ghost of nawrastar the Changer, a weakling FeTm (D:3)
  2 gnoll boudas
  A sleepcap (D:6)
  6 iguanas
  3 orc wizards
  3 killer bee zombies
  A howler monkey zombie (D:7)
  28 gnolls
  A howler monkey skeleton (D:3)
  10 adders
  A shadow imp (D:7)
  2 white imps
  3 worms
  A dart slug (D:7)
  32 orcs
  6 bats
  9 endoplasms
  6 giant cockroaches
  6 goblins
  8 hobgoblins
  4 jackals (D:2)
  15 kobolds
  7 quokkas
  7 ball pythons
  6 frilled lizards
  9 rats
277 creatures vanquished.

Notes
Turn   | Place    | Note
-------+----------+-------------------------------------------
     0 | D:1      | Almogavar the Draconian Conjurer began the quest for the
                  | Orb.
     0 | D:1      | Reached XP level 1. HP: 14/14 MP: 3/3
   201 | D:1      | Reached XP level 2. HP: 20/20 MP: 0/5
   975 | D:2      | Reached XP level 3. HP: 26/26 MP: 1/6
  1058 | D:2      | Found a sparkling altar of Nemelex Xobeh.
  1093 | D:2      | Learned a level 2 spell: Searing Ray
  1169 | D:2      | Reached XP level 4. HP: 12/34 MP: 0/8
  1171 | D:2      | Reached skill level 5 in Conjurations
  2002 | D:2      | Identified a scroll of acquirement
  2004 | D:2      | Acquired the +10 rapier "Innaf" {drain, rPois Str+3 Int+3}
  2165 | D:3      | Noticed a phantom
  2173 | D:3      | Killed a phantom
  2174 | D:3      | Reached skill level 1 in Short Blades
  2174 | D:3      | Reached XP level 5. HP: 35/39 MP: 8/10
  2218 | D:3      | Reached skill level 1 in Fighting
  2376 | D:3      | Found a runed translucent gate.
  2376 | D:3      | Found a runed translucent gate.
  2376 | D:3      | Found a runed translucent gate.
  2377 | D:3      | Noticed nawrastar's ghost (weakling FeTm)
  2558 | D:3      | Found a sparkling altar of Nemelex Xobeh.
  2900 | D:3      | Reached XP level 6. HP: 47/47 MP: 9/11
  2973 | D:3      | Killed nawrastar's ghost
  3600 | D:4      | Your scales start taking on a pale cyan-grey colour.
  3600 | D:4      | Reached XP level 7. HP: 52/52 MP: 13/13
  3600 | D:4      | Gained mutation: You are immune to the effects of steam.
                  | [Pale Draconian growth]
  3857 | D:4      | Found an opulent altar of Gozag.
  3925 | D:4      | Found Getut's Antique Weapon Boutique.
  4121 | D:5      | Entered Level 5 of the Dungeon
  4121 | D:5      | Noticed a +0 spear
  4121 | D:5      | Noticed a +0 short sword
  4121 | D:5      | Noticed a +0 dagger
  4121 | D:5      | Noticed a +0 dagger
  4121 | D:5      | Noticed a +0 falchion
  4121 | D:5      | Noticed a +0 falchion
  4122 | D:5      | Noticed a +0 short sword
  4122 | D:5      | Noticed a +0 spear
  4911 | D:5      | Found a hide-covered altar of Uskayaw.
  4967 | D:5      | Found a glowing silver altar of Zin.
  5082 | D:5      | Reached XP level 8. HP: 61/61 MP: 9/15
  5173 | D:5      | Reached skill level 5 in Spellcasting
  5560 | D:5      | Found Erhiqama's Assorted Antiques.
  5764 | D:6      | Identified the +4 ring mail "Ajep" {+Blink rN+}
  5925 | D:6      | Found a sacrificial altar of Ru.
  6065 | D:6      | Found Xosul's Distillery.
  6072 | D:6      | Bought a potion of heal wounds for 60 gold pieces
  6094 | D:6      | Noticed Blork the orc
  6099 | D:6      | Killed Blork the orc
  6468 | D:6      | Noticed Edmund
  6476 | D:6      | Killed Edmund
  6581 | D:6      | Found a white marble altar of Elyvilon.
  6604 | D:6      | Found a staircase to the Ecumenical Temple.
  6612 | D:6      | Reached XP level 9. HP: 68/68 MP: 14/18
  6619 | Temple   | Entered the Ecumenical Temple
  6662 | Temple   | Became a worshipper of Sif Muna the Loreminder
  6834 | D:6      | Reached skill level 5 in Short Blades
  7459 | D:6      | Learned a level 3 spell: Dazzling Flash
  7906 | D:7      | Found a basalt altar of Yredelemnul.
  8383 | D:7      | Found a snail-covered altar of Cheibriados.
  8501 | D:7      | Reached * piety under Sif Muna
  8814 | D:8      | Noticed a kobold demonologist
  8822 | D:8      | Killed a kobold demonologist
  9327 | D:8      | Reached XP level 10. HP: 60/78 MP: 10/21
  9637 | D:8      | Noticed an elephant
  9652 | D:8      | Killed an elephant
  9802 | D:8      | Found a staircase to the Lair.
 10195 | D:8      | Found a hazy altar of Hepliaklqana.
 11719 | D:10     | Entered Level 10 of the Dungeon
 11720 | D:10     | Found a blossoming altar of Fedhas.
 11721 | D:10     | Found an iron altar of Okawaru.
 11722 | D:10     | Found a burning altar of Makhleb.
 11723 | D:10     | Noticed Harold
 11738 | D:10     | Killed Harold
 11739 | D:10     | Reached skill level 5 in Dodging
 12313 | D:10     | Reached skill level 5 in Stealth
 12660 | D:10     | Noticed an orange demon
 12663 | D:10     | Noticed an orange demon
 12771 | D:10     | Identified the +6 hand axe of Mayhem {heavy, rCorr}
 12841 | D:10     | Reached XP level 11. HP: 85/85 MP: 8/23
 12849 | D:10     | Reached skill level 5 in Fighting
 12891 | D:10     | Reached ** piety under Sif Muna
 13048 | D:10     | Found a portal to a secret trove of treasure.
 13878 | D:10     | Found a staircase to the Orcish Mines.
 13903 | Orc:1    | Entered Level 1 of the Orcish Mines
 14111 | Orc:1    | Noticed an orc knight
 14621 | D:10     | Killed an orc knight
 15016 | D:10     | Learned a level 2 spell: Blink
 15038 | Orc:1    | Reached *** piety under Sif Muna
 15188 | Orc:1    | Noticed an orc warlord
 15772 | D:10     | Slain by an orc warlord

Illustrated notes

Levels and vault maps discovered:
D:1:      tarquinn_simple_flora_water_e, layout_basic,
          minmay_misc_feat_four_crosses
D:2:      layout_basic, basic_altar, serial_bayou_pond_b,
          kennysheep_generic_room_16
D:3:      minmay_diamond_boxcup, layout_basic, amcnicky_altar_gilded,
          gammafunk_ghost_necromancy, minmay_misc_feat_cross,
          kennysheep_generic_room_8
D:4:      layout_basic, grunt_gozag_breadcrumbs, serial_shops,
          nicolae_shop_tiny_glass, chequers_serial_rivers_room_b
D:5:      layout_gridville, mainiacjoe_overflow_alcove_2,
          nicolae_uskayaw_en_pointe, serial_shops, shop
D:6:      layout_loops_cross, overflow_temple_1_default,
          nicolae_ru_great_annihilating_truth, temple_fountains, serial_shops,
          nicolae_shop_stone, uniq_edmund, uniq_blork_the_orc
D:7:      layout_basic, kennysheep_slug_shrine, nicolae_yredelemnul_corpse_copse
D:8:      layout_layer_cave, kennysheep_mini_moat, lair_entry_dummy,
          minmay_misc_feat_doors, minmay_manual_mail
D:9:      layout_small_grid, hangedman_decor_slide_cut, evilmike_minifort
D:10:     layout_loops_ring, grunt_temple_overflow_open, erik_orc_1,
          enter_trove_3, evilmike_butchery, uniq_harold
Temple:   nicolae_temple_bog_church
Orc:1:    layout_caves, minmay_orc_treasury

Skill      XL: |  1  2  3  4  5  6  7  8  9 10 11 |
---------------+----------------------------------+-----
Conjurations   | 5 6 7 8 9 |  9.7
Spellcasting   | 3 4 6 7 8 9 |  9.2
Short Blades   | 1 2 3 4 6 7 |  7.7
Dodging        | 2 3 4 5 6 |  6.2
Stealth        | 2 4 5 |  5.4
Fighting       | 1 2 3 4 5 |  5.4

Action                     |  1- 3 |  4- 6 |  7- 9 | 10-12 || total
---------------------------+-------+-------+-------+-------++-------
  Melee: Short sword       |    30 |    19 |       |       ||    49
         Tailslap          |     3 |     4 |    16 |    14 ||    37
         Rapier            |       |    32 |   100 |    86 ||   218
         Punch             |       |       |     3 |     2 ||     5
   Cast: Magic Dart        |    44 |    93 |   105 |    96 ||   338
         Searing Ray       |     3 |     9 |    56 |    76 ||   144
         Dazzling Flash    |       |       |       |     6 ||     6
         Blink             |       |       |       |     4 ||     4
Ability: Breathe Steam     |       |       |     1 |    11 ||    12
  Evoke: Wand              |       |       |     1 |     1 ||     2
         Box of beasts     |       |       |       |     1 ||     1
    Use: Scroll            |       |     5 |     8 |     4 ||    17
         Potion            |       |       |     1 |       ||     1
   Stab: Sleeping          |     1 |       |     3 |     2 ||     6
 Armour: Skin              |     4 |    12 |    47 |    33 ||    96
  Dodge: Dodged            |    18 |    30 |    76 |   109 ||   233
  Block: Other             |     3 |    14 |    33 |    48 ||    98
         Reflection        |       |       |     2 |     4 ||     6
